 Dungeon Crawl Stone Soup version 0.27-a0-1612-gde56a17b89 (webtiles) character file.

Game seed: 15243823538685438081

313 Anon1729 the Insei (level 6, -1/47 HPs)
             Began as a Merfolk Monk on July 21, 2021.
             Was a Plaything of Xom.
             Succumbed to a water moccasin's poison
             ... on level 4 of the Dungeon.
             The game lasted 00:04:33 (3552 turns).

Anon1729 the Insei (Merfolk Monk)                   Turns: 3552, Time: 00:04:33

Health: -1/47      AC:  3    Str: 12      XL:     6   Next: 43%
Magic:  9/9        EV: 14    Int: 10 (11) God:    Xom [......]
Gold:   68         SH:  0    Dex: 16      Spells: 9/9 levels left

rFire    . . .     SeeInvis .     - Unarmed
rCold    . . .     Faith    .   (no shield)
rNeg     . . .     Spirit   .   a - +0 robe
rPois    .         Reflect  .   (no helmet)
rElec    .         Harm     .   (no cloak)
rCorr    .         Rampage  .   c - +0 pair of gloves
Will     .....                  (no boots)
Stlth    ++........             (no amulet)
HPRegen  0.15/turn              (no ring)
MPRegen  0.11/turn              (no ring)

@: lethally poisoned (-1 -> -15)
A: (nimble swimmer 2), mertail, deterioration 1, inability to read while
threatened
a: Renounce Religion


You were on level 4 of the Dungeon.
You worshipped Xom.
You were a very special plaything of Xom.
You visited 1 branch of the dungeon, and saw 4 of its levels.

You collected 90 gold pieces.
You spent 22 gold pieces at shops.

Inventory:

Armour
 a - a +0 robe (worn)
 c - a +0 pair of gloves (worn)
Scrolls
 d - 2 scrolls of identify
 e - a scroll of holy word {unknown}
 f - a scroll of vulnerability {unknown}
 g - 4 scrolls of teleportation


   Skills:
 - Level 3.2 Fighting
 + Level 5.5 Dodging
 - Level 2.1 Stealth
 * Level 5.7 Unarmed Combat
 + Level 2.0 Spellcasting
 + Level 2.2 Summonings


You had 9 spell levels left.
You didn't know any spells.
Your spell library contained the following spells:

 Spells                   Type           Power      Damage    Failure   Level
 Summon Guardian Golem    Hex/Summ       3%         N/A       52%         3
 Orb of Destruction       Conj           0%         N/A       100%        7
 Spellforged Servitor     Conj/Summ      1%         N/A       100%        7


Dungeon Overview and Level Annotations

Branches:
Dungeon (4/15)
 Temple: D:4-7

Altars:
Xom

Shops:
D:2 *!=:[

Annotations:
D:2 1 runed translucent door, Crazy Yiuf
D:3 Terence


Innate Abilities, Weirdness & Mutations

((You are quick and stealthy near water. (Stealth+, EV+, Speed+++)))
Your lower body shifts to a powerful aquatic tail in water.
Your body sometimes deteriorates upon taking damage.
You sometimes lose the ability to read scrolls when taking damage.


Message History

You are poisoned.
The water moccasin poisons you!
You closely miss the water moccasin.
The water moccasin is moderately wounded.
You feel very sick. The water moccasin bites you!
You are more poisoned.
The water moccasin poisons you! The water moccasin barely misses you.
You closely miss the water moccasin.
The water moccasin is moderately wounded.
You feel very sick. The water moccasin barely misses you.
You feel very sick.
You aren't carrying any potions.
Unknown command.
As you read the scroll labelled SOEVUKH FIRGHIT, it crumbles to dust.
It is a scroll of identify.
g - 4 scrolls of teleportation You feel very sick.
The water moccasin bites you.
You feel threatened and lose the ability to read scrolls!
You are lethally poisoned!
The water moccasin poisons you! The adder bites you but does no damage.
The water moccasin bites you.
You cannot read scrolls in your current state!
Unknown command.
Unknown command.
You aren't carrying any potions.
Unknown command.
* * * LOW HITPOINT WARNING * * *
Your body deteriorates!
You feel dopey.
You feel very sick.
* * * LOW HITPOINT WARNING * * *
You feel very sick. The water moccasin closely misses you. The adder bites you.
* * * LOW HITPOINT WARNING * * *
You can read scrolls again.
* * * LOW HITPOINT WARNING * * *
You feel very sick.
You die...
Xom chortles!

### ###..##
##<....# #
##.....## #.
#..@...# ###..
##S....##
.....#
##..S..##
#...##.....##
#.........#
.....#......##
......#....##
.......#...#
.......##..#


You could see a water moccasin and an adder.

Vanquished Creatures
  Sigmund (D:3)
  A bullfrog (D:3)
  A hound (D:2)
  An adder (D:3)
  2 dart slugs
  8 ball pythons
  An endoplasm (D:3)
  A giant cockroach (D:1)
  4 goblins
  6 hobgoblins
  9 kobolds
  2 quokkas (D:1)
  5 bats
  2 frilled lizards
  6 rats
50 creatures vanquished.

Notes
Turn   | Place    | Note
-------+----------+-------------------------------------------
     0 | D:1      | Anon1729 the Merfolk Monk began the quest for the Orb.
     0 | D:1      | Reached XP level 1. HP: 18/18 MP: 1/1
   578 | D:1      | Reached XP level 2. HP: 24/24 MP: 2/2
  1561 | D:2      | Reached XP level 3. HP: 29/29 MP: 3/3
  1636 | D:2      | Found Tyashrox's Antique Armour Shoppe.
  1759 | D:2      | Found Fouk's Book Shoppe.
  1762 | D:2      | Found Jellav's Jewellery Boutique.
  1788 | D:2      | Found a faded altar of an unknown god.
  1797 | D:2      | Became a worshipper of Xom the Capricious
  1814 | D:2      | Found Zotwes's Distillery.
  1818 | D:2      | Bought 2 potions of degeneration for 22 gold pieces
  1871 | D:2      | XOM: silly message
  1908 | D:2      | XOM: silly message
  1991 | D:2      | Found Bosigap's Assorted Antiques.
  2017 | D:2      | XOM: divination: detect items
  2069 | D:2      | XOM: noise
  2078 | D:2      | XOM: divination: detect creatures
  2096 | D:2      | Reached skill level 1 in Summonings
  2096 | D:2      | Reached XP level 4. HP: 22/35 MP: 3/5
  2181 | D:2      | XOM: divination: magic mapping
  2381 | D:2      | Found a runed translucent door.
  2382 | D:2      | Noticed Crazy Yiuf
  2398 | D:2      | XOM: divination: detect items
  2470 | D:2      | XOM: divination: detect items
  2575 | D:3      | XOM: silly message
  2586 | D:3      | Noticed Terence
  2614 | D:3      | Noticed a bullfrog
  2622 | D:3      | XOM: give mutations
  2622 | D:3      | Gained mutation: You are weak. (Str -2) [Xom's mischief]
  2622 | D:3      | Lost mutation: You are weak. (Str -2) [Xom's mischief]
  2622 | D:3      | Gained mutation: Your body sometimes deteriorates upon
                  | taking damage. [Xom's mischief]
  2623 | D:3      | XOM: give mutations
  2623 | D:3      | Gained mutation: You are weak. (Str -2) [Xom's mischief]
  2623 | D:3      | Gained mutation: You sometimes lose the ability to read
                  | scrolls when taking damage. [Xom's mischief]
  2623 | D:3      | Lost mutation: You are weak. (Str -2) [Xom's mischief]
  2625 | D:3      | Killed a bullfrog
  2626 | D:3      | Reached skill level 5 in Dodging
  2626 | D:3      | Reached skill level 5 in Unarmed Combat
  2626 | D:3      | Reached skill level 1 in Spellcasting
  2626 | D:3      | Reached XP level 5. HP: 24/41 MP: 5/7
  2640 | D:3      | XOM: noise
  2752 | D:3      | XOM: 1-stop teleportation journey
  3098 | D:3      | Noticed Sigmund
  3129 | D:3      | XOM: blink monster(s)
  3132 | D:3      | Killed Sigmund
  3133 | D:3      | Reached XP level 6. HP: 28/47 MP: 7/9
  3538 | D:4      | Noticed a water moccasin
  3551 | D:4      | HP: 2/47 [poisoned by a water moccasin]
  3552 | D:4      | Succumbed to a water moccasin's poison

Illustrated notes

Levels and vault maps discovered:
D:1:      amcnicky_arrival_underground_garden, layout_loops_corners
D:2:      layout_loops_ring, serial_shops, shop, shop, shop,
          nicolae_diamond_shop, shop, ebering_ecumenical_altar_mist,
          uniq_crazy_yiuf_cottage
D:3:      layout_loops_cross, minmay_misc_feat_pillars, uniq_sigmund,
          uniq_terence
D:4:      layout_cave_pods, minitemple, temple_statues, st_stairs_3

Skill      XL: |  1  2  3  4  5 |
---------------+----------------+-----
Unarmed Combat | 4 5 |  5.7
Summonings     | 1 2 |  2.2
Dodging        | 5 |  5.5
Spellcasting   | 1 2 |  2.0
Fighting       | |  3.2
Stealth        | |  2.1

Action                   |  1- 3 |  4- 6 || total
-------------------------+-------+-------++-------
Melee: Unarmed           |   151 |    45 ||   196
       Punch             |     1 |     2 ||     3
  Use: Potion            |       |     1 ||     1
       Scroll            |       |     1 ||     1
 Stab: Sleeping          |    12 |     1 ||    13
       Distracted        |       |     1 ||     1
Armor: Robe              |    24 |     5 ||    29
Dodge: Dodged            |   114 |    34 ||   148

Table legend: (Time is in decaauts)
 A = Elapsed time spent in this place.
 B = Non-inter-level travel time spent in this place.
 C = Inter-level travel time spent in this place.
 D = Time resting spent in this place.
 E = Time spent auto-exploring this place.
 F = Levels seen in this place.
 G = Mean time per level.
                   A        B        C        D        E       F      G
               +--------+--------+--------+--------+--------+-----+--------+
         Total |   3536 |   3388 |    148 |    287 |   2655 |   4 |  884.0 |
       Dungeon |   3536 |   3388 |    148 |    287 |   2655 |   4 |  884.0 |
               +--------+--------+--------+--------+--------+-----+--------+

Top non-repeatable levels by time:
     D:1: 1537 daAuts
     D:3: 1047 daAuts
     D:2: 932 daAuts
     D:4: 20 daAuts
